 Dungeon Crawl Stone Soup version 0.32-a0-422-g28b100f618 (webtiles) character file.

Game seed: 16816267682456167959

520 Dittersdorf the Trooper (level 7, -1/44 HPs)
             Began as a Gargoyle Fighter on Feb 21, 2024.
             Killed by nerve-wracking pain
             ... invoked by Menkaure
              (7 damage)
             ... on level 4 of the Dungeon.
             The game lasted 00:03:21 (2843 turns).

Dittersdorf the Trooper (Gargoyle Fighter)          Turns: 2843, Time: 00:03:21

Health: -1/44      AC: 17    Str: 22    XL:     7   Next: 21%
Magic:  7/7        EV:  8    Int:  8    God:
Gold:   204        SH:  4    Dex:  9    Spells: 6/6 levels left

rFire   . . .        a - +0 flail
rCold   . . .        c - +0 buckler
rNeg    + . .        m - +0 chain mail
rPois   ∞            q - +0 helmet
rElec   +            (no cloak)
rCorr   .            (no gloves)
SInv    .            o - +0 pair of boots
Will    .....        (no amulet) Stlth
                     (no ring)
HPRegen 0.27/turn    (no ring)
MPRegen 0.10/turn

%: no passive effects
@: no status effects
A: sickness immunity, AC +4, negative energy resistance 1, electricity
resistance, torment resistance 1, petrification resistance
a: no special abilities


You were on level 4 of the Dungeon.
You visited 1 branch of the dungeon, and saw 4 of its levels.

You collected 204 gold pieces.

Inventory:

Hand Weapons
 a - a +0 flail (weapon)
Armour
 c - a +0 buckler (worn)
 m - a +0 chain mail (worn)
 o - a +0 pair of boots (worn)
 q - a +0 helmet (worn)
Wands
 r - a wand of flame (15) (quivered)
Scrolls
 b - 6 scrolls of identify
 f - a scroll of noise {unknown}
 g - a scroll of acquirement {unknown}
 h - 2 scrolls of torment {unknown}
 j - 2 scrolls of fog {unknown}
 l - 2 scrolls of fear {unknown}
 n - a scroll of enchant armour {unknown}
 p - a scroll of blinking {unknown}
 s - a scroll of teleportation {unknown}
 u - a scroll of enchant weapon {unknown}
 v - 2 scrolls of immolation {unknown}
Potions
 d - 3 potions of might
 e - 2 potions of haste
 i - 4 potions of curing {unknown}
 k - a potion of mutation {unknown}
 t - a potion of resistance {unknown}
 w - a potion of enlightenment {unknown}
 x - a potion of lignification {unknown}
 z - a potion of heal wounds {unknown}
 A - a potion of brilliance {unknown}


   Skills:
 + Level 5.2 Fighting
 + Level 4.1 Maces & Flails
 + Level 5.2 Armour
 + Level 5.1 Shields


You had 6 spell levels left.
You didn't know any spells.
Your spell library contained the following spells:

 Spells                   Type           Power      Damage    Failure   Level
 Apportation              Tloc           0%         N/A       97%         1
 Necrotise                Necr           0%         1d4       97%         1
 Jinxbite                 Hex            0%         N/A       99%         2
 Hailstorm                Conj/Ice       0%         3d5       100%        3
 Summon Ice Beast         Ice/Summ       0%         N/A       100%        3
 Vampiric Draining        Necr           0%         2d6       100%        3
 Martyr's Knell           Necr/Summ      0%         N/A       100%        4
 Vhi's Electric Charge    Tloc/Air       0%         N/A       100%        4
 Alistair's Intoxication  Alch           0%         N/A       100%        5
 Arcjolt                  Conj/Air       0%         1d10      100%        5
 Curse of Agony           Necr           0%         N/A       100%        5
 Sculpt Simulacrum        Ice/Alch       0%         N/A       100%        6
 Maxwell's Capacitive Co  Air            0%         ∞         100%        8


Dungeon Overview and Level Annotations

Branches:
Dungeon (4/15)
 Temple: D:4-7

Altars:
Trog

Shops:
D:1 ?   D:4 [

Annotations:
D:3 1 runed translucent door, Crazy Yiuf
D:4 Menkaure


Innate Abilities, Weirdness & Mutations

You are immune to sickness and miasma.
Your stone body is resilient. (AC +4)
You are immune to poison.
You resist negative energy. (rN+)
You are resistant to electric shocks. (rElec)
You are resistant to unholy torment.
You are immune to petrification.


Message History

Menkaure's bandages flutter.
Menkaure calls on the powers of darkness!
Your body is wracked with pain!
The endoplasm convulses!
You barely miss Menkaure.
Menkaure is heavily damaged.
Menkaure hits you but does no damage. x2
The endoplasm freezes you.
You are frozen.
You barely miss Menkaure.
Menkaure is heavily damaged.
Menkaure hits you!
* * * LOW HITPOINT WARNING * * *
The endoplasm jiggles.
The endoplasm freezes you.
You are frozen.
* * * LOW HITPOINT WARNING * * *
You are too injured to fight recklessly!
You are too injured to fight recklessly!
You are too injured to fight recklessly!
You are too injured to fight recklessly!
You are too injured to fight recklessly!
You are too injured to fight recklessly!
You are too injured to fight recklessly!
You are too injured to fight recklessly!
You are too injured to fight recklessly!
You are too injured to fight recklessly!
You are too injured to fight recklessly!
You are too injured to fight recklessly!
You are too injured to fight recklessly!
You are too injured to fight recklessly!
You are too injured to fight recklessly!
You are too injured to fight recklessly!
You are too injured to fight recklessly!
You are too injured to fight recklessly!
You are too injured to fight recklessly!
You sock the endoplasm!
You kill the endoplasm!
Menkaure gestures at you while chanting.
Pain shoots through your body!
You die...

.......>.. #.#..#.
.....#......... .......
.....##........ .......
.#.... ###.....
.......##..... #..#..
............## . #...###
....?....)...##....#. ##
..<....M........... ##.
#....@......#....###..
#......#....#.....#...
#......#...###........
....###..#...........#.)
... ##...........)..#.. .#
##.................. ...
#........ß.ß.ß.ß...[
...####.#.................
..........#....#.........


You could see Menkaure (fast).

Vanquished Creatures
  Sigmund (D:3)
  A scorpion (D:4)
  A bombardier beetle (D:4)
  Ijyb (D:3)
  Robin (D:3)
  7 gnolls
  6 adders
  3 dart slugs
  3 ribbon worms
  7 endoplasms
  A giant cockroach (D:3)
  13 goblins
  5 hobgoblins
  A quokka (D:3)
  3 bats
  6 frilled lizards
  3 kobolds
  11 rats
74 creatures vanquished.

Notes
Turn   | Place    | Note
-------+----------+-------------------------------------------
     0 | D:1      | Dittersdorf the Gargoyle Fighter began the quest for the
                  | Orb.
     0 | D:1      | Reached XP level 1. HP: 14/14 MP: 1/1
   214 | D:1      | Reached XP level 2. HP: 19/19 MP: 2/2
   576 | D:1      | Reached XP level 3. HP: 24/24 MP: 3/3
   649 | D:1      | Found Notos's Magic Scroll Boutique.
   873 | D:2      | Found a bloodstained altar of Trog.
  1055 | D:2      | Reached XP level 4. HP: 29/29 MP: 4/4
  1636 | D:3      | Noticed Robin
  1651 | D:3      | Killed Robin
  1652 | D:3      | Reached XP level 5. HP: 28/33 MP: 5/5
  1704 | D:3      | Found a runed translucent door.
  1705 | D:3      | Noticed Crazy Yiuf
  1796 | D:3      | Noticed Ijyb
  1803 | D:3      | Killed Ijyb
  2038 | D:3      | Noticed Sigmund
  2072 | D:3      | Killed Sigmund
  2073 | D:3      | Reached XP level 6. HP: 33/40 MP: 6/6
  2123 | D:3      | Identified the +10 rapier of the Boar {speed, ^Fragile rC+
                  | Int+4}
  2396 | D:4      | Reached skill level 5 in Fighting
  2511 | D:4      | Reached skill level 5 in Armour
  2511 | D:4      | Reached skill level 5 in Shields
  2531 | D:4      | Found Ipnehiph's Armour Boutique.
  2561 | D:4      | Reached XP level 7. HP: 42/44 MP: 7/7
  2835 | D:4      | Noticed Menkaure
  2843 | D:4      | Killed from afar by Menkaure

Illustrated notes

Levels and vault maps discovered:
D:1:      dpeg_arrival_ratfight, layout_loops_ring, serial_shops, shop
D:2:      layout_loops_cross, basic_altar
D:3:      layout_loops_cross, uniq_ijyb, uniq_sigmund, uniq_robin,
          uniq_crazy_yiuf_cottage
D:4:      layout_cave_pools, serial_column_ruins, column_ruins_square_huge,
          column_ruins_hut, column_ruins_open_small,
          column_ruins_corridor_dead_end, column_ruins_columns_straight,
          column_ruins_open_small, column_ruins_open_tiny,
          column_ruins_columns_dead_end, serial_shops, nicolae_diamond_shop,
          uniq_menkaure

Skill      XL: |  1  2  3  4  5  6 |
---------------+-------------------+-----
Fighting       | 4 5 |  5.2
Shields        | 4 5 |  5.1
Armour         | 4 5 |  5.2
Maces & Flails | 3 4 |  4.1

Action                     |  1- 3 |  4- 6 |  7- 9 || total
---------------------------+-------+-------+-------++-------
  Melee: Flail             |    82 |   139 |    22 ||   243
  Evoke: Wand              |       |     9 |       ||     9
    Use: Scroll            |       |     1 |       ||     1
 Armour: Scale mail        |    20 |       |       ||    20
         Chain mail        |    25 |   122 |    27 ||   174
  Dodge: Dodged            |    35 |    41 |    17 ||    93
  Block: Buckler           |    20 |    28 |     5 ||    53

Table legend: (Time is in decaauts)
 A = Elapsed time spent in this place.
 B = Non-inter-level travel time spent in this place.
 C = Inter-level travel time spent in this place.
 D = Time resting spent in this place.
 E = Time spent auto-exploring this place.
 F = Levels seen in this place.
 G = Mean time per level.
                   A        B        C        D        E       F      G
               +--------+--------+--------+--------+--------+-----+--------+
         Total |   2910 |   2779 |    131 |     10 |   2148 |   4 |  727.5 |
       Dungeon |   2910 |   2779 |    131 |     10 |   2148 |   4 |  727.5 |
               +--------+--------+--------+--------+--------+-----+--------+

Top non-repeatable levels by time:
     D:2: 882 daAuts
     D:3: 841 daAuts
     D:1: 724 daAuts
     D:4: 462 daAuts
